 Dungeon Crawl Stone Soup version 0.25-a0-503-ge281fa673e (webtiles) character file.

Game seed: 8708513602089888010, levelgen mode: deterministic

102 Emblim88 the Sneak (level 4, -3/23 HPs)
             Began as a Spriggan Assassin on Feb 13, 2020.
             Killed from afar by Natasha (5 damage)
             ... with a magic dart
             ... on level 2 of the Dungeon.
             The game lasted 00:03:05 (2487 turns).

Emblim88 the Sneak (Spriggan Assassin)              Turns: 2487, Time: 00:03:05

Health: -3/23      AC:  3    Str:  8    XL:     4   Next: 50%
Magic:  5/5        EV: 19    Int: 12    God:
Gold:   89         SH:  3    Dex: 17    Spells: 3/3 levels left

rFire    . . .     SeeInvis +   a - +2 dagger
rCold    . . .     Gourm    .   (shield restricted)
rNeg     . . .     Faith    .   b - +0 robe
rPois    .         Spirit   .   (helmet restricted)
rElec    .         Reflect  +   c - +0 cloak
rCorr    .         Harm     .   (gloves unavailable)
MR       .....                  (boots unavailable)
Stlth    ++++......             h - +3 amulet of reflection
HPRegen  0.07/turn              (no ring)
MPRegen  0.09/turn              (no ring)

@: very quick
A: very small, unfitting armour, see invisible, herbivore, speed 3, slow
metabolism 2
a: no special abilities


You were on level 2 of the Dungeon.
You were not hungry.

You visited 1 branch of the dungeon, and saw 2 of its levels.

You collected 89 gold pieces.

Inventory:

Hand Weapons
 a - a +2 dagger (weapon)
 g - a +0 short sword
Missiles
 d - 8 poisoned darts (quivered)
 e - 2 curare-tipped darts
Armour
 b - a +0 robe (worn)
 c - a +0 cloak (worn)
Jewellery
 h - a +3 amulet of reflection (around neck)
 o - an uncursed ring of protection from fire {unknown}
Scrolls
 i - 2 scrolls of teleportation {unknown}
 j - a scroll of blinking
 k - a scroll of identify {unknown}
 l - a scroll of enchant weapon {unknown}
 m - a scroll of immolation {unknown}
 n - 2 scrolls of remove curse {unknown}
Potions
 p - 2 potions of brilliance {unknown}
Comestibles
 f - 5 rations


   Skills:
 + Level 2.1 Fighting
 - Level 2.1 Short Blades
 + Level 2.6 Throwing
 * Level 3.8 Dodging
 * Level 7.0 Stealth


You had 3 spell levels left.
You didn't know any spells.
Your spell library was empty.

Dungeon Overview and Level Annotations

Branches:
Dungeon (2/15)

Altars:
Uskayaw

Annotations:
D:2 Natasha


Innate Abilities, Weirdness & Mutations

You are very small and have problems with some larger weapons.
You are too small for most types of armour.
You have supernaturally acute eyesight. (SInv)
You are a herbivore.
You cover ground extremely quickly.
You need to consume almost no food.


Message History

You are too injured to fight recklessly!
You are too injured to fight recklessly!
You are too injured to fight recklessly!
You are too injured to fight recklessly!
You are too injured to fight recklessly!
You are too injured to fight recklessly!
You are too injured to fight recklessly!
You are too injured to fight recklessly!
You are too injured to fight recklessly!
You are too injured to fight recklessly!
You are too injured to fight recklessly!
You hit Natasha.
Natasha is heavily wounded.
Natasha claws you.
* * * LOW HITPOINT WARNING * * *
You closely miss Natasha.
Natasha is heavily wounded.
Natasha stares at you and mumbles some strange words.
The magic dart hits you.
You die...

#.....#
#..#..##..#.###.##.
#####.# #...........#
#.... #.# #.##..##..###
#.... #.#
#.##..##..#####.... #(#
###.#................ #.#
#........#..######...
#.#.#.#.........# ###.
#.#.#...........########.
#.#....h@.....<..........
#.###........#...########
#.# #.###...###..######
#.# #.# ##.......##...#
#.# #.# #######.#....###
#.# #.##########.#.......
#.# #.#..........#.######
#.###.#.#######..#.#
#.......#######..#.#


You could see Natasha.

Vanquished Creatures
  Natasha (D:2)
  3 adders (D:2)
  A worm (D:2)
  2 leopard geckos (D:1)
  5 bats
  7 goblins
  8 hobgoblins
  3 jackals (D:1)
  A quokka (D:2)
  4 frilled lizards
  6 kobolds
  2 rats (D:1)
43 creatures vanquished.

Notes
Turn   | Place    | Note
-------+----------+-------------------------------------------
     0 | D:1      | Emblim88 the Spriggan Assassin began the quest for the Orb.
     0 | D:1      | Reached XP level 1. HP: 10/10 MP: 2/2
    82 | D:1      | Reached skill level 6 in Stealth
   377 | D:1      | Reached XP level 2. HP: 13/15 MP: 3/3
   820 | D:1      | Reached XP level 3. HP: 11/18 MP: 4/4
  1741 | D:2      | Reached XP level 4. HP: 8/23 MP: 5/5
  2340 | D:2      | Found a hide-covered altar of Uskayaw.
  2350 | D:2      | Noticed Natasha
  2353 | D:2      | Killed Natasha
  2353 | D:2      | Reached skill level 7 in Stealth
  2432 | D:2      | Noticed Natasha
  2487 | D:2      | Killed from afar by Natasha

Levels and vault maps discovered:
D:1:      tarquinn_simple_flora_water_f, layout_rooms
D:2:      layout_loops_ring, lemuel_statue_altar, uniq_natasha

Skill      XL: |  1  2  3  4 |
---------------+-------------+-----
Stealth        | 6 7 |  7.0
Dodging        | 2 3 |  3.8
Fighting       | 2 |  2.1
Short Blades   | |  2.1
Throwing       | |  2.6

Action                   |  1- 3 |  4- 6 || total
-------------------------+-------+-------++-------
Melee: Dagger            |   158 |    39 ||   197
  Use: Scroll            |     1 |       ||     1
       Potion            |     1 |       ||     1
 Stab: Sleeping          |     7 |     3 ||    10
Armor: Robe              |    14 |     1 ||    15
Dodge: Dodged            |   154 |    18 ||   172
Block: Other             |       |     5 ||     5

Table legend:
 A = Non-vault XP
 B = Vault XP
 C = Vault XP percentage of total XP
 D = Non-vault monster count
 E = Vault monster count
 F = Vault count percentage of total count
                 A         B        C        D         E       F
            +---------+---------+-------+---------+---------+-------
      Total |     112 |      35 |  23.8 |      42 |       1 |   2.3
            +---------+---------+-------+---------+---------+-------
        D:1 |      48 |       0 |   0.0 |      27 |       0 |   0.0
        D:2 |      64 |      35 |  35.4 |      15 |       1 |   6.2
            +---------+---------+-------+---------+---------+-------
